 Dungeon Crawl Stone Soup version 0.31-a0-83-gbff143cfd1 (webtiles) character file.

Game seed: 3172672915916240973

30 LobsterGuardian the Poker (level 3, -1/21 HPs)
             Began as a Tengu Reaver on May 25, 2023.
             Slain by a gnoll
             ... wielding a +0 spear
              (4 damage)
             ... on level 1 of the Dungeon.
             The game lasted 00:01:27 (654 turns).

LobsterGuardian the Poker (Tengu Reaver)             Turns: 654, Time: 00:01:28

Health: -1/21      AC:  4    Str: 14    XL:     3   Next: 18%
Magic:  7/7        EV: 11    Int: 13    God:
Gold:   31         SH:  0    Dex: 12    Spells: 3/6 levels left

rFire   . . .        a - +0 spear
rCold   . . .        (no shield)
rNeg    . . .        b - +0 leather armour
rPois   .            (helmet restricted)
rElec   .            (no cloak)
rCorr   .            d - +0 pair of gloves
SInv    .            (boots unavailable)
Will    .....        (no amulet)
Stlth   +            (no ring)
HPRegen 0.23/turn    (no ring)
MPRegen 0.10/turn

%: no passive effects
@: no status effects
A: beak, talons 3
a: no special abilities


You were on level 1 of the Dungeon.
You visited 1 branch of the dungeon, and saw 1 of its levels.

You collected 31 gold pieces.

Inventory:

Hand Weapons
 a - a +0 spear (weapon)
Armour
 b - a +0 leather armour (worn)
 d - a +0 pair of gloves (worn)
Scrolls
 c - a scroll of identify {unknown}


   Skills:
 + Level 2.2 Fighting
 * Level 4.5 Polearms
 - Level 2.1 Dodging
 - Level 2.0 Spellcasting
 - Level 4.0 Conjurations


You had 3 spell levels left.
You knew the following spells:

 Your Spells              Type           Power      Damage    Failure   Level
a - Kiss of Death         Conj/Necr      20%        2d7       16%         1
b - Momentum Strike       Conj/Tloc      10%        3d8       24%         2

Your spell library contained the following spells:

 Spells                   Type           Power      Damage    Failure   Level
 Hailstorm                Conj/Ice       5%         3d4       43%         3


Dungeon Overview and Level Annotations

Branches:
Dungeon (1/15)

Altars:

Shops:
D:1 !


Innate Abilities, Weirdness & Mutations

You have a beak for a mouth.
You have claws for feet.


Message History

You closely miss the jackal. You claw the jackal.
The jackal is moderately wounded.
The jackal barely misses you. The jackal bites you.
You hit the jackal but do no damage. You claw the jackal.
You kill the jackal!
No target in view!
Items here: †††††.
Found a pair of gloves.
You see here a +0 pair of gloves.
A gnoll comes into view. It is wielding a +0 spear.
The gnoll shouts!
You see here a +0 pair of gloves.
d - a +0 pair of gloves You start putting on your armour.
You continue putting on your +0 pair of gloves. x3
The gnoll hits you from afar with a +0 spear.
You continue putting on your +0 pair of gloves.
The gnoll hits you from afar with a +0 spear.
You finish putting on your +0 pair of gloves.
You reach to attack!
You hit the gnoll but do no damage. The gnoll closely misses you.
Unknown command.
You reach to attack!
You closely miss the gnoll. The gnoll hits you but does no damage.
You reach to attack!
You closely miss the gnoll. The gnoll barely misses you.
You reach to attack!
You hit the gnoll.
The gnoll is heavily wounded.
You reach to attack!
You closely miss the gnoll.
The gnoll is heavily wounded.
The gnoll closely misses you.
You reach to attack!
You closely miss the gnoll.
The gnoll is heavily wounded.
The gnoll hits you from afar with a +0 spear!
You are too injured to fight recklessly!
The gnoll hits you with a +0 spear.
* * * LOW HITPOINT WARNING * * *
You hit the gnoll.
The gnoll is almost dead.
The gnoll hits you with a +0 spear.
You die...

##### ####
######.#.####..########
#..
...........@g..........
#.#
#####..#####..########
#.# #..........#
#.#########...####...#
#.#.......#..........#
#.#.......#.#.#####..#
#.#.......#..........#
#.#.......###.........
..'.......'.†........


You could see a gnoll.

Vanquished Creatures
  2 dart slugs (D:1)
  4 ball pythons (D:1)
  2 endoplasms (D:1)
  A goblin (D:1)
  3 hobgoblins (D:1)
  4 jackals (D:1)
  A quokka (D:1)
  A bat (D:1)
  A frilled lizard (D:1)
  2 kobolds (D:1)
  4 rats (D:1)
25 creatures vanquished.

Notes
Turn   | Place    | Note
-------+----------+-------------------------------------------
     0 | D:1      | LobsterGuardian the Tengu Reaver began the quest for the
                  | Orb.
     0 | D:1      | Reached XP level 1. HP: 12/12 MP: 4/4
   211 | D:1      | Reached XP level 2. HP: 17/17 MP: 6/6
   214 | D:1      | Learned a level 2 spell: Momentum Strike
   224 | D:1      | Found Onununo's Distillery.
   554 | D:1      | Reached XP level 3. HP: 21/21 MP: 7/7
   654 | D:1      | Slain by a gnoll

Illustrated notes

Levels and vault maps discovered:
D:1:      lightli_arrival_isolated_outpost, layout_basic, serial_shops, shop

Skill      XL: |  1  2 |
---------------+-------+-----
Polearms       | 4 |  4.5
Fighting       | |  2.2
Dodging        | |  2.1
Spellcasting   | |  2.0
Conjurations   | |  4.0

Action                     || total
---------------------------++-------
  Melee: Spear             ||    71
         Peck              ||     5
         Kick              ||    16
         Punch             ||     1
 Armour: Leather armour    ||     9
  Dodge: Dodged            ||    25

Table legend: (Time is in decaauts)
 A = Elapsed time spent in this place.
 B = Non-inter-level travel time spent in this place.
 C = Inter-level travel time spent in this place.
 D = Time resting spent in this place.
 E = Time spent auto-exploring this place.
 F = Levels seen in this place.
 G = Mean time per level.
                   A        B        C        D        E       F      G
               +--------+--------+--------+--------+--------+-----+--------+
         Total |    646 |    646 |      0 |      0 |    519 |   1 |  646.0 |
       Dungeon |    646 |    646 |      0 |      0 |    519 |   1 |  646.0 |
               +--------+--------+--------+--------+--------+-----+--------+

Top non-repeatable levels by time:
     D:1: 646 daAuts
